 Dungeon Crawl Stone Soup version 0.16-a0-3708-g05dc7d7 (webtiles) character file.

66 B1inky the Ruffian (level 3, 0/29 HPs)
             Began as a Demonspawn Abyssal Knight on Jan 19, 2015.
             Was a Believer of Lugonu.
             Slain by a worm (8 damage)
             ... on level 2 of the Dungeon.
             The game lasted 00:03:37 (1962 turns).

B1inky the Ruffian (Demonspawn Abyssal Knight)      Turns: 1962, Time: 00:03:37

Health: 0/29       AC:  3    Str: 13    XL:     3   Next: 96%
Magic:  4/4        EV: 11    Int: 13    God:    Lugonu [**....]
Gold:   62         SH:  0    Dex: 12    Spells: 0 memorised, 2 levels left

rFire  . . .     SeeInvis .       - Unarmed
rCold  . . .     Clarity  .     b - +0 leather armour
rNeg   . . .     SustAb   .     (no shield)
rPois  .         Gourm    .     (no helmet)
rElec  .         Spirit   .     (no cloak)
rCorr  .         Warding  .     (no gloves)
rMut   .         Stasis   .     (no boots)
MR     .....                    (no amulet)
Stlth  ++........               (no ring)
                                (no ring)

@: not resistant to hostile enchantments, unstealthy
A: nightstalker 1
a: Depart the Abyss, Bend Space, Renounce Religion


You were on level 2 of the Dungeon.
You worshipped Lugonu.
Lugonu was pleased with you.
You were very hungry.

You visited 1 branch of the dungeon, and saw 2 of its levels.
You visited the Abyss 1 time.

You collected 62 gold pieces.

Inventory:

Missiles
 d - 7 curare-tipped needles
Armour
 b - a +0 leather armour (worn)
Jewellery
 j - a +3 ring of strength {unknown}
Scrolls
 e - 3 scrolls of teleportation {unknown}
 f - 2 scrolls of amnesia {unknown}
 g - 3 scrolls of identify {unknown}
 h - a scroll of remove curse {unknown}
 k - a scroll of immolation {unknown}
Potions
 m - a potion of invisibility {unknown}
 n - 2 potions of curing {unknown}
 o - a potion of poison {unknown}
Comestibles
 c - 2 bread rations
 i - 2 meat rations


   Skills:
 - Level 3.0 Fighting
 - Level 1.7 Armour
 - Level 0.8 Dodging
 + Level 3.9 Unarmed Combat
 - Level 2.4 Invocations


You had 2 spell levels left.
You didn't know any spells.

Dungeon Overview and Level Annotations

Branches:
Dungeon (2/15)

Altars:
Ashenzari
Okawaru
Ru


Innate Abilities, Weirdness & Mutations

You are slightly more attuned to the shadows.


Message History

There is a stone staircase leading down here.
You climb downwards.
The worm bites you!
The hobgoblin evokes its ring.
The hobgoblin flickers and vanishes!
There is a stone staircase leading up here.
You hit the worm but do no damage. The worm misses you.
The stone hits you but does no damage.
You hit the worm.
The worm is lightly wounded.
You are feeling very hungry.
You hit the worm.
The worm is moderately wounded.
The stone hits you but does no damage. The worm bites you.
You completely miss the worm.
The worm is moderately wounded.
You hit the worm.
The worm is moderately wounded.
The stone hits you but does no damage. The worm bites you!
* * * LOW HITPOINT WARNING * * *
The stone hits you but does no damage. The worm bites you!
You die...

.. ##.## ####.### .{###
##(..## #....# # #...##
##.....## #.#### # ###(.#
#.......# ###.# ##
##.####
##.....#######...# #.
#(((.#####...####.....###
###. ####.{.###((.#
#..##### #...
###..##.#.###.###..##
#.## ##..#.#.@w[..#....#
#.## ##.#.#####.##_.⌠.##
#...
#.#.####..##.....###.##
#...##...####....#.).##
#..###.### #8...'.....
#...[#.# ##....#.#.#.
#..#...### #.....#..<##
#.###....# #_.⌠.##.(###
#.####.#.###....#..#...


You could see a worm.

Vanquished Creatures
  2 adders (D:2)
  A giant gecko (D:1)
  3 giant cockroaches
  5 goblins
  5 hobgoblins
  3 jackals (D:2)
  6 kobolds
  A quokka (D:2)
  7 bats
  4 giant newts (D:1)
  7 rats
44 creatures vanquished.

Notes
Turn   | Place    | Note
--------------------------------------------------------------
     0 | Abyss:1  | B1inky, the Demonspawn Abyssal Knight, began the quest for the Orb.
     0 | Abyss:1  | Reached XP level 1. HP: 18/18 MP: 1/1
    11 | D:1      | Escaped the Abyss
   374 | D:1      | Gained mutation: You are slightly more attuned to the shadows. [demonic ancestry]
   374 | D:1      | Reached XP level 2. HP: 17/24 MP: 2/2
  1138 | D:2      | Acquired Lugonu's second power
  1214 | D:2      | Reached XP level 3. HP: 29/29 MP: 4/4
  1412 | D:2      | Found an iron altar of Okawaru.
  1412 | D:2      | Found a sacrificial altar of Ru.
  1704 | D:2      | Found a shattered altar of Ashenzari.
  1962 | D:2      | Slain by a worm

Action                   || total
-------------------------++-------
Melee: Unarmed           ||   201
 Stab: Sleeping          ||     2
  Eat: Beef jerky        ||     1
       Chunk             ||     1
